AoeStats
← 1695

Arabia

509754608Analyzed
2v2 RM · 6d ago on Sep 27, 2026· 44m 16s· 4 players
Game mode
Random Map
Map size
Medium (4 player)
Population
200
Speed
Normal
Resources
Standard
Victory
Conquest
Starting age
Dark Age
Ending age
Imperial Age
RankedLock teamsTeams togetherTeam positionsShared explorationLock speedFull tech treeHidden civsTurbo modeCheats
Victory
Defeat
🇫🇷 Sicilians · France
742
+18
705
+19
🇦🇷 Inca · Argentina
798
-19
🇦🇷 Franks · Argentina
769
-18
fournier.emmy
1:18 Loom
10:21 Feudal Age
10:52 Double-Bit Axe
18:23 Forging
22:36 Castle Age
21:12 Gold Mining
21:59 Horse Collar
26:04 Bow Saw
28:04 Town Watch
31:01 Heavy Plow
33:23 Wheelbarrow
36:16 First Crusade
41:45 Imperial Age
40:19 Murder Holes
40:45 Ballistics
41:50 Hand Cart
rodriguin O pROfessor ta sozinho
10:30 Feudal Age
10:58 Double-Bit Axe
10:56 Horse Collar
19:15 Castle Age
18:05 Fletching
18:16 Padded Archer Armor
21:39 Bow Saw
23:21 Chemistry
26:11 Leather Archer Armor
27:24 Wheelbarrow
28:44 Hand Cart
32:18 Bodkin Arrow
36:36 Imperial Age
38:00 Ring Archer Armor
37:31 Bracer
JOTAEME
14:20 Feudal Age
18:46 Castle Age
20:48 Wheelbarrow
22:58 Scale Barding Armor
33:06 Chain Barding Armor
32:57 Forging
38:49 Imperial Age
1695
10:58 Feudal Age
11:43 Horse Collar
11:50 Double-Bit Axe
21:22 Castle Age
20:03 Forging
19:55 Scale Mail Armor
20:16 Fletching
21:58 Crossbowman
22:05 Pikeman
24:22 Wheelbarrow
25:00 Town Watch
25:41 Stone Mining
26:19 Squires
27:08 Gold Mining
27:22 Heavy Plow
28:11 Chain Mail Armor
33:37 Imperial Age
30:53 Champi Runner
33:19 Gold Shaft Mining
32:59 Bow Saw
33:07 Hand Cart
33:09 Padded Archer Armor
34:22 Iron Casting
37:25 Blast Furnace
37:52 Conscription
37:07 Champi Warrior
39:16 Halberdier
41:13 Plate Mail Armor
41:21 Elite Champi Warrior
Connection lost

Rejoining the realm…

Still unreachable

The connection could not be restored.

Session expired

The server has moved on; the page needs a fresh start.